 Dungeon Crawl Stone Soup version 0.25-a0-796-gd415a3ffb0 (webtiles) character file.

Game seed: 10926204183359509275, levelgen mode: deterministic

53577 MisterFreud the Blocker (level 14, -5/113 HPs)
             Began as a Gnoll Fighter on Apr 18, 2020.
             Was the Champion of Ashenzari.
             Killed by divine providence
             ... invoked by a meliai
              (16 damage)
             ... on level 4 of the Lair of Beasts.
             The game lasted 00:48:47 (18726 turns).

MisterFreud the Blocker (Gnoll Fighter)            Turns: 18726, Time: 00:48:48

Health: -5/113     AC: 20    Str: 24    XL:     14   Next: 69%
Magic:  27/27      EV: 18    Int: 22    God:    Ashenzari [******]
Gold:   1377       SH: 15    Dex: 20    Spells: 24/31 levels left

rFire    + . .     SeeInvis +   Y - +7 demon trident (vorpal) (curse)
rCold    + . .     Gourm    .   c - +1 kite shield (curse)
rNeg     + . .     Faith    .   K - +4 ring mail of Truth {rF+ Int+6 Stlth+} (curse)
rPois    .         Spirit   .   n - +1 helmet
rElec    .         Reflect  .   E - +0 cloak
rCorr    .         Harm     .   g - +0 pair of gloves
MR       +....     Clarity  +   l - +2 pair of boots of a volcano {rN+ Dex+2} (curse)
Stlth    +++++.....             N - amulet of regeneration
HPRegen  0.68/turn              M - +6 ring of strength
MPRegen  0.20/turn              R - +3 ring of dexterity

@: about to teleport
A: distributed training, fangs 1, cold resistance 1, mutation resistance 1,
strong nose
a: Curse Item, Scrying, Renounce Religion


You were on level 4 of the Lair of Beasts.
You worshipped Ashenzari.
Ashenzari was exalted by your worship.
You were not hungry.

You visited 3 branches of the dungeon, and saw 19 of its levels.
You also visited: Bailey and Gauntlet.

You collected 1377 gold pieces.

Inventory:

Hand Weapons
 Y - a cursed +7 vorpal demon trident (weapon)
Missiles
 b - 9 atropa-tipped darts (quivered)
 d - 12 silver boomerangs
 q - 28 boomerangs
 J - 3 throwing nets
 Q - 30 poisoned darts
 X - 20 javelins
Armour
 c - a cursed +1 kite shield (worn)
 g - a +0 pair of gloves (worn)
 l - the cursed +2 pair of boots of a volcano (worn) {rN+ Dex+2}
   (You acquired it on level 3 of the Lair of Beasts)

   It affects your dexterity (+2).
   It protects you from negative energy.
   It has a curse placed upon it.
 n - a +1 helmet (worn)
 E - a +0 cloak (worn)
 K - the cursed +4 ring mail of Truth (worn) {rF+ Int+6 Stlth+}
   (You took it off a minotaur in a Gauntlet)

   It affects your intelligence (+6).
   It protects you from fire.
   It makes you more stealthy.
   It has a curse placed upon it.
Jewellery
 s - the ring "Plog" {*Tele rPois Str-2 Int+4}
   (You found it in a Gauntlet)

   [ring of teleportation]

   It may teleport you next to monsters.
   It affects your strength (-2).
   It affects your intelligence (+4).
   It protects you from poison.
 v - an uncursed ring of ice
 C - an uncursed ring of positive energy
 M - a +6 ring of strength (left hand)
 N - an amulet of regeneration (around neck)
 R - a +3 ring of dexterity (right hand)
Wands
 i - a wand of polymorph (7)
 t - a wand of digging (3)
 x - a wand of flame (18)
 F - a wand of iceblast (6)
 L - a wand of scattershot (9)
 P - a wand of disintegration (16)
Scrolls
 h - 5 scrolls of fog
 j - a scroll of summoning
 k - 8 scrolls of teleportation
 y - 4 scrolls of enchant weapon
 B - 2 scrolls of fear
 O - a scroll of blinking {unknown}
 S - 4 scrolls of enchant armour
 U - a scroll of amnesia
 V - 3 scrolls of remove curse
Potions
 e - 10 potions of lignification
 m - 9 potions of heal wounds
 p - 4 potions of invisibility
 r - 4 potions of cancellation
 u - 7 potions of might
 w - 3 potions of flight
 z - a potion of magic
 A - 8 potions of curing
 H - 2 potions of brilliance
 I - 2 potions of berserk rage
 T - 3 potions of ambrosia
 Z - 3 potions of haste
Miscellaneous
 a - 2 boxes of beasts
 W - a lightning rod (4/4)
Comestibles
 f - 38 rations
 o - a chunk of flesh


   Skills:
 + Level 11.2 Fighting
 + Level 10.3 Short Blades
 + Level 9.3 Long Blades
 + Level 9.3 Axes
 + Level 9.3 Maces & Flails
 + Level 9.3(13.6) Polearms
 + Level 9.3 Staves
 + Level 9.3 Slings
 + Level 9.3 Bows
 + Level 9.3 Crossbows
 + Level 9.3 Throwing
 + Level 11.2 Armour
 + Level 9.3 Dodging
 + Level 9.3 Stealth
 + Level 11.2(13.9) Shields
 + Level 9.3 Unarmed Combat
 + Level 9.3 Spellcasting
 + Level 7.7 Conjurations
 + Level 7.7 Hexes
 + Level 7.7 Charms
 + Level 7.7 Summonings
 + Level 7.7 Necromancy
 + Level 7.7 Translocations
 + Level 7.7 Transmutations
 + Level 7.7 Fire Magic
 + Level 7.7 Ice Magic
 + Level 7.7 Air Magic
 + Level 7.7 Earth Magic
 + Level 7.7 Poison Magic
 + Level 10.1 Invocations
 + Level 9.3 Evocations


You had 24 spell levels left.
You knew the following spells:

 Your Spells              Type           Power        Failure   Level  Hunger
a - Petrify               Tmut/Erth      #####...     4%          4    ##.....
b - Tukima's Dance        Hex            #####...     1%          3    None

Your spell library contained the following spells:

 Spells                   Type           Power        Failure   Level  Hunger
 Corona                   Hex            #####..      1%          1    None
 Freeze                   Ice            ####         1%          1    None
 Sandblast                Erth           #####.       1%          1    None
 Summon Small Mammal      Summ           ####         1%          1    None
 Ensorcelled Hibernation  Hex/Ice        #####.       1%          2    None
 Passwall                 Tmut/Erth      #####...     1%          2    None
 Confusing Touch          Hex            #####...     1%          3    None
 Dazzling Flash           Conj/Hex       #####.       1%          3    None
 Frozen Ramparts          Ice            #####.       1%          3    None
 Gell's Gravitas          Tloc           #####.....   1%          3    None
 Ozocubu's Armour         Chrm/Ice       #####...     1%          3    None
 Static Discharge         Conj/Air       #####...     1%          3    None
 Stone Arrow              Conj/Erth      #####.       1%          3    None
 Airstrike                Air            #####.....   4%          4    ##.....
 Hailstorm                Conj/Ice       #####...     4%          4    ##.....
 Summon Ice Beast         Ice/Summ       #####...     4%          4    ##.....
 Lee's Rapid Deconstruct  Erth           #####.....   12%         5    ####...
 Lightning Bolt           Conj/Air       #####.....   12%         5    ####...
 Metabolic Englaciation   Hex/Ice        #####.....   12%         5    ####...
 Silence                  Hex/Air        #####.....   12%         5    ####...
 Summon Demon             Summ           #####.....   12%         5    ####...
 Yara's Violent Unravell  Hex/Tmut       #####.....   12%         5    ####...
 Ignition                 Fire           #####.....   100%        8    #######
 Shatter                  Erth           #####.....   100%        9    #######
 Tornado                  Air            #####.....   100%        9    #######


Dungeon Overview and Level Annotations

Branches:
Dungeon (14/15)            Temple (0/1) D:5            Lair (4/6) D:10
 Shoals (1/4) Lair:2        Snake (0/4) Lair:2          Orc (0/2) D:9
 Bailey (visited)         Gauntlet (visited)
 Vaults: D:13-14

Altars:
Ashenzari
Cheibriados
Dithmenos
Fedhas
Nemelex Xobeh
Okawaru
Qazlal
Ru
Sif Muna
Trog
Vehumet
Xom
Yredelemnul
Zin
The Shining One

Shops:
D:8 [

Portals:
Trove: D:11 (give +6 demon whip)

Annotations:
D:9 exclusion: ice statue


Innate Abilities, Weirdness & Mutations

Your experience applies equally to all skills.
You have very sharp teeth.
Your uncanny sense of smell can sniff out nearby items.
Your flesh is cold resistant. (rC+)
You are somewhat resistant to further mutation.


Message History

Something smites you! The spriggan closely misses you.
You block the spriggan's attack.
Evoke which item? (* to show all) (? for menu, Esc to quit)
Okay, then.
Unknown command.
As you read the scroll of teleportation, it crumbles to dust.
You feel strangely unstable.
The meliai calls down the wrath of its god upon you.
Something smites you!
* * * LOW HITPOINT WARNING * * *
The spriggan hits you but does no damage. x2
Unknown command.
You block the spriggan's attack.
The meliai mumbles some strange prayers to its god against you.
Something smites you!
* * * LOW HITPOINT WARNING * * *
You block the spriggan's attack.
The meliai mumbles some strange prayers to its god against you.
Something smites you!
You die...

#P..♣.♣....##..#, #
##.y♣♣....###.## ,*
##..♣...## ..y* ,
##...#♣.## ##i#∆**#
##..i..♣♣.#*∆... ,#.
#.iii.♣♣.♣♣###.# #i#
##iiy♣.♣..♣.##..#yi#
##..♣♣♣♣....#######
#.@.♣♣♣.♣....♣...♣≈
##..♣..♣..♣....♣≈≈≈
#...♣.♣.♣♣♣.....≈≈
#....##♣♣♣.♣♣..♣♣.
#...P# #.♣♣♣.♣.♣♣
#...### ##♣♣♣♣♣♣♣♣
##.....## ##..##..
#.#...#.# ##...##..
####....###P...####


You could see 6 spriggans and 2 meliai.

Vanquished Creatures
  Gastronok (D:11)
  A minotaur (Gauntlet)
  Harold (D:8)
  4 hydras
  A centaur warrior (D:14)
  6 death yaks
  Urug (D:11)
  An unseen horror (D:12)
  3 orc knights (Bailey)
  Pikel (D:8)
  A necromancer (Gauntlet)
  2 manticores (D:13)
  4 ugly things
  A cyclops (D:11)
  An elephant (shapeshifter) (D:13)
  3 black mambas
  An apocalypse crab (Gauntlet)
  An ice statue (Gauntlet)
  4 gargoyles
  7 spiny frogs
  A torpor snail (Gauntlet)
  4 rime drakes
  3 komodo dragons
  3 hornets
  A troll (D:13)
  A polar bear (Lair:2)
  3 blink frogs (Lair:3)
  3 slime creatures (D:9)
  7 dream sheep (Lair:4)
  A raiju (Gauntlet)
  6 hippogriffs
  A shadow (D:11)
  A water elemental (D:13)
  Eustachio (D:4)
  A spriggan (Lair:4)
  4 hogs (D:7)
  A wraith (D:11)
  41 yaks
  2 wyverns
  7 vampire mosquitoes (D:13)
  A basilisk (Lair:2)
  2 hungry ghosts
  A human (D:7)
  5 steam dragons
  4 nagas (Lair:2)
  A soldier ant (D:13)
  2 wargs (D:10)
  6 water moccasins
  8 porcupines
  4 phantoms
  2 sky beasts
  17 orc warriors
  2 slaves (D:8)
  A black bear (D:9)
  A necrophage (D:11)
  14 ice beasts
  6 ogres
  5 wolves (Lair:2)
  8 centaurs
  15 crocodiles
  16 bullfrogs
  2 wyvern zombies
  A scorpion (D:6)
  53 killer bees
  A water moccasin skeleton (D:9)
  5 howler monkeys
  7 electric eels
  6 centaur zombies
  9 crimson imps
  12 orc priests
  3 bullfrog zombies
  4 hounds
  A bullfrog skeleton (D:12)
  5 jellies
  Crazy Yiuf (D:6)
  2 centaur skeletons
  4 iguanas
  Natasha (thrice) (D:2)
  13 orc wizards
  7 worker ants
  A killer bee zombie (D:5)
  3 hound skeletons
  A howler monkey zombie (D:6)
  3 worker ant zombies
  Robin (D:4)
  2 howler monkey skeletons
  5 gnolls
  8 adders
  A shadow imp (D:10)
  An adder zombie (D:3)
  2 adder skeletons
  2 worms
  3 dart slugs
  A leopard gecko (D:3)
  96 orcs
  4 bats
  4 giant cockroaches
  18 goblins
  7 hobgoblins
  10 jackals
  4 quokkas
  2 ball pythons
  11 kobolds
  2 rats (D:3)
589 creatures vanquished.

Vanquished Creatures (others)
  A sky beast (D:6)
  An orc (D:8)
  3 fungi (Lair:3)
  A plant (Lair:3)
6 creatures vanquished.

Grand Total: 595 creatures vanquished

Notes
Turn   | Place    | Note
-------+----------+-------------------------------------------
     0 | D:1      | MisterFreud the Gnoll Fighter began the quest for the Orb.
     0 | D:1      | Reached XP level 1. HP: 23/23 MP: 1/1
   160 | D:1      | Reached XP level 2. HP: 24/29 MP: 2/2
   564 | D:2      | Noticed Natasha
   570 | D:2      | Killed Natasha
   570 | D:2      | Reached skill level 1 in Invocations
   570 | D:2      | Reached XP level 3. HP: 28/35 MP: 2/4
   608 | D:2      | Noticed Natasha
   614 | D:2      | Killed Natasha
   614 | D:2      | Reached skill level 1 in Long Blades
   614 | D:2      | Reached skill level 1 in Axes
   614 | D:2      | Reached skill level 1 in Maces & Flails
   614 | D:2      | Reached skill level 1 in Polearms
   614 | D:2      | Reached skill level 1 in Staves
   614 | D:2      | Reached skill level 1 in Slings
   614 | D:2      | Reached skill level 1 in Bows
   614 | D:2      | Reached skill level 1 in Crossbows
   614 | D:2      | Reached skill level 1 in Throwing
   614 | D:2      | Reached skill level 1 in Dodging
   614 | D:2      | Reached skill level 1 in Stealth
   614 | D:2      | Reached skill level 1 in Unarmed Combat
   614 | D:2      | Reached skill level 1 in Spellcasting
   614 | D:2      | Reached skill level 1 in Evocations
   614 | D:2      | Reached XP level 4. HP: 33/41 MP: 5/5
   690 | D:2      | Reached skill level 1 in Conjurations
   690 | D:2      | Reached skill level 1 in Hexes
   690 | D:2      | Reached skill level 1 in Charms
   690 | D:2      | Reached skill level 1 in Summonings
   690 | D:2      | Reached skill level 1 in Necromancy
   690 | D:2      | Reached skill level 1 in Translocations
   690 | D:2      | Reached skill level 1 in Transmutations
   690 | D:2      | Reached skill level 1 in Fire Magic
   690 | D:2      | Reached skill level 1 in Ice Magic
   690 | D:2      | Reached skill level 1 in Air Magic
   690 | D:2      | Reached skill level 1 in Earth Magic
   690 | D:2      | Reached skill level 1 in Poison Magic
   908 | D:2      | Noticed Natasha
   915 | D:2      | Reached XP level 5. HP: 43/47 MP: 6/6
   923 | D:2      | Killed Natasha
  1188 | D:3      | Noticed a phantom
  1251 | D:3      | Killed a phantom
  1251 | D:3      | Reached XP level 6. HP: 13/53 MP: 8/8
  1323 | D:3      | Found a radiant altar of Vehumet.
  1324 | D:3      | Found an iron altar of Okawaru.
  1579 | D:3      | Found a glowing golden altar of the Shining One.
  1581 | D:3      | Found a shattered altar of Ashenzari.
  1581 | D:3      | Found a glowing silver altar of Zin.
  1583 | D:3      | Found a bloodstained altar of Trog.
  1583 | D:3      | Found a glowing silver altar of Zin.
  1583 | D:3      | Found a shimmering altar of Xom.
  1884 | D:4      | Noticed Robin
  1884 | D:4      | Noticed a phantom
  1912 | D:3      | Reached skill level 5 in Short Blades
  2157 | D:3      | Killed a phantom
  2191 | D:4      | Killed Robin
  2244 | D:4      | Reached XP level 7. HP: 48/59 MP: 10/10
  2261 | D:4      | Found a shattered altar of Ashenzari.
  2266 | D:4      | Noticed Eustachio
  2270 | D:4      | Became a worshipper of Ashenzari the Shackled
  2316 | D:4      | Killed Eustachio
  2515 | D:4      | Found a sparkling altar of Nemelex Xobeh.
  2659 | D:5      | Entered Level 5 of the Dungeon
  3104 | D:5      | Found a staircase to the Ecumenical Temple.
  3136 | D:5      | Reached XP level 8. HP: 67/67 MP: 12/12
  3245 | D:5      | Reached * piety under Ashenzari
  4351 | D:7      | Found a stormy altar of Qazlal.
  4361 | D:7      | Found a blossoming altar of Fedhas.
  4929 | D:6      | Found a runed translucent door.
  5037 | D:6      | Noticed Crazy Yiuf
  5043 | D:6      | Killed Crazy Yiuf
  5329 | D:5      | Reached XP level 9. HP: 69/72 MP: 14/14
  5537 | D:6      | Found a basalt altar of Yredelemnul.
  6525 | D:7      | Reached ** piety under Ashenzari
  6630 | D:7      | Reached skill level 5 in Invocations
  6650 | D:7      | Reached XP level 10. HP: 42/80 MP: 15/17
  6986 | D:8      | Found a shimmering blue altar of Sif Muna.
  7011 | D:8      | Found a bloodstained altar of Trog.
  7173 | D:8      | Found Weulevopp's Antique Armour Emporium.
  7223 | D:8      | Noticed Pikel
  7225 | D:8      | Noticed Harold
  7248 | D:8      | Killed Pikel
  7248 | D:8      | Reached skill level 5 in Long Blades
  7248 | D:8      | Reached skill level 5 in Axes
  7248 | D:8      | Reached skill level 5 in Maces & Flails
  7248 | D:8      | Reached skill level 5 in Polearms
  7248 | D:8      | Reached skill level 5 in Staves
  7248 | D:8      | Reached skill level 5 in Slings
  7248 | D:8      | Reached skill level 5 in Bows
  7248 | D:8      | Reached skill level 5 in Crossbows
  7248 | D:8      | Reached skill level 5 in Throwing
  7248 | D:8      | Reached skill level 5 in Dodging
  7248 | D:8      | Reached skill level 5 in Stealth
  7248 | D:8      | Reached skill level 5 in Unarmed Combat
  7248 | D:8      | Reached skill level 5 in Spellcasting
  7248 | D:8      | Reached skill level 5 in Evocations
  7259 | D:8      | Killed Harold
  7276 | D:8      | Found a snail-covered altar of Cheibriados.
  7386 | D:8      | Found a shadowy altar of Dithmenos.
  8011 | D:9      | Found a staircase to the Orcish Mines.
  8669 | D:9      | Found a sacrificial altar of Ru.
  8840 | D:9      | Reached XP level 11. HP: 87/87 MP: 19/19
  9269 | D:9      | Reached *** piety under Ashenzari
  9636 | D:9      | Reached skill level 5 in Conjurations
  9636 | D:9      | Reached skill level 5 in Hexes
  9636 | D:9      | Reached skill level 5 in Charms
  9636 | D:9      | Reached skill level 5 in Summonings
  9636 | D:9      | Reached skill level 5 in Necromancy
  9636 | D:9      | Reached skill level 5 in Translocations
  9636 | D:9      | Reached skill level 5 in Transmutations
  9636 | D:9      | Reached skill level 5 in Fire Magic
  9636 | D:9      | Reached skill level 5 in Ice Magic
  9636 | D:9      | Reached skill level 5 in Air Magic
  9636 | D:9      | Reached skill level 5 in Earth Magic
  9636 | D:9      | Reached skill level 5 in Poison Magic
  9750 | D:10     | Entered Level 10 of the Dungeon
 10579 | D:10     | Found a staircase to the Lair.
 10619 | D:10     | Identified the cursed +3 trident of Lemeywom {vorpal, rN+++
                  | MR+ Str+2 Int-5}
 11451 | D:11     | Found a portal to a secret trove of treasure.
 11642 | D:11     | Noticed Urug
 11659 | D:11     | Killed Urug
 11873 | D:11     | Noticed a cyclops
 11887 | D:11     | Killed a cyclops
 11924 | D:11     | Reached XP level 12. HP: 88/96 MP: 22/22
 12045 | D:11     | Noticed Gastronok
 12076 | D:11     | Killed Gastronok
 12083 | D:11     | Reached **** piety under Ashenzari
 12191 | D:11     | Noticed a catoblepas
 12203 | D:11     | Noticed a two-headed ogre
 13565 | D:13     | Noticed a five-headed hydra
 13666 | D:13     | Killed a five-headed hydra
 13675 | D:13     | Found a gate leading to a gauntlet.
 13681 | D:13     | Reached ***** piety under Ashenzari
 13685 | Gauntlet | Entered a Gauntlet
 13685 | Gauntlet | Found a transporter.
 13696 | Gauntlet | Found a transporter.
 13699 | Gauntlet | Found a transporter.
 13705 | Gauntlet | Found a transporter.
 13709 | Gauntlet | Found a runed translucent gate.
 13709 | Gauntlet | Found a transporter.
 13710 | Gauntlet | Found a runed translucent gate.
 13711 | Gauntlet | Found a runed translucent gate.
 13713 | Gauntlet | Found a transporter.
 13719 | Gauntlet | Found a transporter.
 13727 | Gauntlet | Found a transporter.
 13728 | Gauntlet | Found a transporter.
 13736 | Gauntlet | Identified the cursed +1 spear "Biluunuqo" {freeze, +Blink
                  | Str+3}
 13737 | Gauntlet | Found a transporter.
 13740 | Gauntlet | Found a transporter.
 13745 | Gauntlet | Noticed a death yak
 13746 | Gauntlet | Noticed a death yak
 13746 | Gauntlet | Noticed a death yak
 13753 | Gauntlet | Found a transporter.
 13771 | Gauntlet | Found a transporter.
 13783 | Gauntlet | Found a transporter.
 13857 | Gauntlet | Reached skill level 10 in Fighting
 13857 | Gauntlet | Reached skill level 10 in Armour
 13857 | Gauntlet | Reached skill level 10 in Shields
 14066 | Gauntlet | Killed a death yak
 14066 | Gauntlet | Reached XP level 13. HP: 40/103 MP: 24/24
 14189 | Gauntlet | Identified the +2 morningstar "Killer Klown's Bane" {venom,
                  | rC+ rN+}
 14189 | Gauntlet | Identified the +4 ring mail of Truth {rF+ Int+6 Stlth+}
 14189 | Gauntlet | Noticed a minotaur
 14208 | Gauntlet | Killed a minotaur
 14258 | Gauntlet | Identified the Collected Works on the Feathery Escort
 14259 | Gauntlet | Identified the ring "Plog" {*Tele rPois Str-2 Int+4}
 14275 | Gauntlet | Got the uncursed pair of boots "Hoimm" {rN+}
 14281 | Gauntlet | Identified the +1 pair of boots "Hoimm" {rN+} (You found it
                  | in a Gauntlet)
 15076 | D:14     | Found a flagged portal.
 15087 | Bailey   | Entered a bailey
 15572 | D:14     | Learned a level 4 spell: Petrify
 15668 | Lair:1   | Entered Level 1 of the Lair of Beasts
 15688 | Lair:1   | Learned a level 3 spell: Tukima's Dance
 16265 | Lair:2   | Found a staircase to the Shoals.
 16296 | Lair:2   | Found a staircase to the Snake Pit.
 16341 | Lair:2   | Reached XP level 14. HP: 110/111 MP: 26/26
 16638 | Lair:2   | Got the uncursed pair of boots "Ysexoj" {*Contam +Blink
                  | +Inv Dex+4}
 16649 | Lair:2   | Identified the +0 pair of boots "Ysexoj" {*Contam +Blink
                  | +Inv Dex+4} (You found it on level 2 of the Lair of Beasts)
 16997 | Shoals:1 | Entered Level 1 of the Shoals
 17077 | Lair:3   | Reached ****** piety under Ashenzari
 17138 | Lair:3   | Reached skill level 10 in Short Blades
 17205 | Lair:3   | Identified a scroll of acquirement
 17206 | Lair:3   | Identified the cursed amulet of Pushru Kion {Spirit +Inv
                  | Str-4 Int+5} (You acquired it on level 3 of the Lair of
                  | Beasts)
 17206 | Lair:3   | Identified the cursed +2 pair of boots of a volcano {rN+
                  | Dex+2} (You acquired it on level 3 of the Lair of Beasts)
 17206 | Lair:3   | Identified the cursed +3 great mace of Plague {vorpal,
                  | *Noise rC+++ MP-9 Dex+4} (You acquired it on level 3 of the
                  | Lair of Beasts)
 17215 | Lair:3   | Gained mutation: You tend to lose your temper in combat.
                  | [mutagenic glow]
 17218 | Lair:3   | Lost mutation: You tend to lose your temper in combat.
                  | [potion of mutation]
 17218 | Lair:3   | Gained mutation: You are partially covered in iridescent
                  | scales. (AC +2) [potion of mutation]
 17218 | Lair:3   | Gained mutation: Your body sometimes deteriorates upon
                  | taking damage. [potion of mutation]
 17218 | Lair:3   | Gained mutation: You are frail. (-10% HP) [potion of
                  | mutation]
 17218 | Lair:3   | Gained mutation: You are resistant to hostile enchantments.
                  | (MR+) [potion of mutation]
 17219 | Lair:3   | Lost mutation: You are resistant to hostile enchantments.
                  | (MR+) [potion of mutation]
 17219 | Lair:3   | Lost mutation: You are frail. (-10% HP) [potion of
                  | mutation]
 17219 | Lair:3   | Lost mutation: Your body sometimes deteriorates upon taking
                  | damage. [potion of mutation]
 17219 | Lair:3   | Lost mutation: You are partially covered in iridescent
                  | scales. (AC +2) [potion of mutation]
 17219 | Lair:3   | Gained mutation: You are partially covered in slimy green
                  | scales. (AC +2) [potion of mutation]
 17219 | Lair:3   | Gained mutation: Armour fits poorly on your strangely
                  | shaped body. [potion of mutation]
 17219 | Lair:3   | Gained mutation: Your mind is acute. (Int +2) [potion of
                  | mutation]
 17219 | Lair:3   | Gained mutation: Your movements are slightly less
                  | encumbered by armour. (ER -2) [potion of mutation]
 17220 | Lair:3   | Lost mutation: Armour fits poorly on your strangely shaped
                  | body. [potion of mutation]
 17220 | Lair:3   | Gained mutation: Armour fits poorly on your strangely
                  | shaped body. [potion of mutation]
 17220 | Lair:3   | Gained mutation: You are somewhat resistant to further
                  | mutation. [potion of mutation]
 17221 | Lair:3   | Lost mutation: Your mind is acute. (Int +2) [potion of
                  | mutation]
 17221 | Lair:3   | Lost mutation: You are partially covered in slimy green
                  | scales. (AC +2) [potion of mutation]
 17221 | Lair:3   | Lost mutation: Armour fits poorly on your strangely shaped
                  | body. [potion of mutation]
 17221 | Lair:3   | Lost mutation: Your movements are slightly less encumbered
                  | by armour. (ER -2) [potion of mutation]
 17221 | Lair:3   | Gained mutation: Your flesh is cold resistant. (rC+)
                  | [potion of mutation]
 17335 | Lair:3   | Identified the cursed +1 spear "Vysebyewk" {holy, rC+
                  | Stlth+}
 18153 | Lair:4   | Reached skill level 10 in Invocations
 18726 | Lair:4   | Killed from afar by a meliai

Levels and vault maps discovered:
D:1:      psy_arrival_fountain, layout_loops_cross
D:2:      layout_loops_ring, first_ration, uniq_natasha
D:3:      layout_loops_cross, doesnt_xom_only_xom,
          chequers_temple_overflow_statue_of_worship
D:4:      layout_rooms, kennysheep_little_box, nemelex_altar_shiori,
          uniq_eustachio, uniq_robin
D:5:      layout_gridville, minmay_temple_entry_large_hall
D:6:      layout_rooms, overflow_temple_1_default, lightli_minifort,
          uniq_crazy_yiuf_cottage
D:7:      layout_loops_corners, grunt_temple_overflow_forces_of_nature,
          grunt_livestock, minmay_misc_feat_roman
D:8:      layout_loops_corners, nicolae_overflow_hidden_temple,
          cheibriados_altar_1, lemuel_round_altar, kennysheep_mini,
          serial_shops, shop, uniq_harold, uniq_pikel
D:9:      minmay_twisted_water, layout_long_grid, hangedman_ru_absence,
          hiddenorc2_lemuel, serial_co_window_serial, co_window_corner_a,
          co_window_of_opportunity_a, co_window_cross_1, co_window_paths_a,
          co_window_paths_a, co_window_paths_e
D:10:     cheibrodos_steamvent, layout_basic, erik_lair_orcish_takeover
D:11:     layout_gridville, nicolae_trove_entry_crossroad, st_stairs_11,
          grunt_ministairs_2, onia_ninara_dug_in_and_dangerous, uniq_gastronok,
          uniq_urug
D:12:     layout_loops_corners, minmay_unpleasant_kobolds
D:13:     layout_basic, gauntlet_entry_generic
D:14:     minmay_the_grid_octo_tiled_squarecenter_mashed
          [minmay_the_grid_octo_odd_swirl, minmay_the_grid_octo_tetromino_candy,
          minmay_the_grid_octo_clover_2, minmay_the_grid_octo_focus,
          minmay_the_grid_square_5x5_megaprize_diamond,
          minmay_the_grid_square_5x5_three_small,
          minmay_the_grid_square_5x5_shrine1,
          minmay_the_grid_square_5x5_minivault,
          minmay_the_grid_square_5x5_hollow_slash], layout_cave_pools,
          grunt_vaults_entry_tiered, lightli_bailey_entry_fortress, uniq_louise
Lair:1:   layout_misc_corridors, lemuel_fruit_fields
Lair:2:   layout_misc_corridors, minmay_shoals_entry_centaurs,
          minmay_snake_entry_guardpost_small, beast_lair_carwin_8
Lair:3:   layout_cave_pods, chequers_serial_rivers_room_a, serial_bayou_lagoon_a
Lair:4:   wad_woods_minihive, layout_concentric_octagons
Shoals:1: layout_shoals, uniq_jorgrun

Skill      XL: |  1  2  3  4  5  6  7  8  9 10 11 12 13 14 |
---------------+-------------------------------------------+-----
Invocations    | 1 2 3 4 5 6 7 8 9 10 | 10.1
Long Blades    | 1 2 3 4 5 6 7 8 9 |  9.3
Axes           | 1 2 3 4 5 6 7 8 9 |  9.3
Maces & Flails | 1 2 3 4 5 6 7 8 9 |  9.3
Polearms       | 1 2 3 4 5 6 7 8 9 |  9.3
Staves         | 1 2 3 4 5 6 7 8 9 |  9.3
Slings         | 1 2 3 4 5 6 7 8 9 |  9.3
Bows           | 1 2 3 4 5 6 7 8 9 |  9.3
Crossbows      | 1 2 3 4 5 6 7 8 9 |  9.3
Throwing       | 1 2 3 4 5 6 7 8 9 |  9.3
Dodging        | 1 2 3 4 5 6 7 8 9 |  9.3
Stealth        | 1 2 3 4 5 6 7 8 9 |  9.3
Unarmed Combat | 1 2 3 4 5 6 7 8 9 |  9.3
Spellcasting   | 1 2 3 4 5 6 7 8 9 |  9.3
Evocations     | 1 2 3 4 5 6 7 8 9 |  9.3
Conjurations   | 1 2 3 4 5 6 7 |  7.7
Hexes          | 1 2 3 4 5 6 7 |  7.7
Charms         | 1 2 3 4 5 6 7 |  7.7
Summonings     | 1 2 3 4 5 6 7 |  7.7
Necromancy     | 1 2 3 4 5 6 7 |  7.7
Translocations | 1 2 3 4 5 6 7 |  7.7
Transmutations | 1 2 3 4 5 6 7 |  7.7
Fire Magic     | 1 2 3 4 5 6 7 |  7.7
Ice Magic      | 1 2 3 4 5 6 7 |  7.7
Air Magic      | 1 2 3 4 5 6 7 |  7.7
Earth Magic    | 1 2 3 4 5 6 7 |  7.7
Poison Magic   | 1 2 3 4 5 6 7 |  7.7
Short Blades   | 5 6 7 8 9 10 | 10.3
Fighting       | 7 8 9 10 11 | 11.2
Armour         | 7 8 9 10 11 | 11.2
Shields        | 7 8 9 10 11 | 11.2

Action                   |  1- 3 |  4- 6 |  7- 9 | 10-12 | 13-15 || total
-------------------------+-------+-------+-------+-------+-------++-------
Melee: Rapier            |    39 |   223 |   616 |   692 |       ||  1570
       Bite              |     7 |    25 |    76 |   182 |    91 ||   381
       Unarmed           |       |       |    16 |       |       ||    16
       Trident           |       |       |       |   381 |       ||   381
       Demon trident     |       |       |       |    71 |   791 ||   862
Invok: Curse Item        |       |       |     2 |     1 |     1 ||     4
Evoke: Wand              |       |       |       |     8 |     4 ||    12
  Use: Potion            |       |     1 |     3 |     4 |     5 ||    13
       Scroll            |       |       |     7 |    14 |     6 ||    27
 Stab: Invisible         |       |       |       |     4 |     1 ||     5
       Sleeping          |       |       |       |       |    25 ||    25
       Distracted        |       |       |       |       |     4 ||     4
  Eat: Chunk             |       |     5 |    13 |    27 |    15 ||    60
       Ration            |       |       |       |     1 |       ||     1
Armor: Scale mail        |    11 |    79 |    49 |       |       ||   139
       Plate armour      |       |       |   162 |   322 |    93 ||   577
       Ring mail         |       |       |       |       |    59 ||    59
Dodge: Dodged            |     8 |    59 |   179 |   212 |   260 ||   718
Block: Kite shield       |    16 |    98 |   269 |   490 |   404 ||  1277

Table legend:
 A = Non-vault XP
 B = Vault XP
 C = Vault XP percentage of total XP
 D = Non-vault monster count
 E = Vault monster count
 F = Vault count percentage of total count
                 A         B        C        D         E       F
            +---------+---------+-------+---------+---------+-------
      Total |   51227 |   25312 |  33.1 |     371 |     217 |  36.9
            +---------+---------+-------+---------+---------+-------
        D:1 |      22 |       0 |   0.0 |      12 |       0 |   0.0
        D:2 |     152 |      35 |  18.7 |      14 |       1 |   6.7
        D:3 |     334 |      16 |   4.6 |      21 |       9 |  30.0
        D:4 |      54 |     233 |  81.2 |       5 |       4 |  44.4
        D:5 |     716 |      87 |  10.8 |      16 |       3 |  15.8
        D:6 |     817 |     206 |  20.1 |      20 |       3 |  13.0
        D:7 |    1245 |     979 |  44.0 |      30 |       5 |  14.3
        D:8 |    1094 |    1334 |  54.9 |      20 |       2 |   9.1
        D:9 |    2824 |    1332 |  32.1 |      23 |      40 |  63.5
       D:10 |    1853 |    1037 |  35.9 |      20 |      10 |  33.3
       D:11 |    4587 |    3807 |  45.4 |      30 |       8 |  21.1
       D:12 |    3391 |       8 |   0.2 |      12 |       6 |  33.3
       D:13 |   10835 |       0 |   0.0 |      58 |       0 |   0.0
       D:14 |    1839 |      36 |   1.9 |       3 |       5 |  62.5
     Lair:1 |    2525 |       0 |   0.0 |      16 |       0 |   0.0
     Lair:2 |    3720 |    1908 |  33.9 |      16 |      15 |  48.4
     Lair:3 |    9117 |       0 |   0.0 |      32 |       0 |   0.0
     Lair:4 |    6102 |    3209 |  34.5 |      23 |      49 |  68.1
     Bailey |       0 |    3323 | 100.0 |       0 |      40 | 100.0
   Gauntlet |       0 |    7762 | 100.0 |       0 |      17 | 100.0
            +---------+---------+-------+---------+---------+-------
